 Dungeon Crawl Stone Soup version 0.18-a0-943-g2c08dd4 (webtiles) character file.

38 igor the Sneak (level 3, 0/18 HPs)
             Began as a Spriggan Assassin on Dec 28, 2015.
             Succumbed to an adder's poison
             ... on level 2 of the Dungeon.
             The game lasted 00:08:08 (1624 turns).

igor the Sneak (Spriggan Assassin)                  Turns: 1624, Time: 00:08:08

Health: 0/18       AC:  3    Str:  7    XL:     3   Next: 25%
Magic:  4/4        EV: 18    Int: 12    God:
Gold:   80         SH:  0    Dex: 18    Spells: 0 memorised, 2 levels left

rFire  + . .     SeeInvis +     a - +2 dagger
rCold  + . .     Gourm    .     c - +0 robe
rNeg   . . .     Faith    .     (shield restricted)
rPois  +         Spirit   .     (helmet restricted)
rElec  +         Dismiss  .     d - +0 cloak
rCorr  +         Reflect  .     (gloves unavailable)
SustAt .         Harm     .     (boots unavailable)
MR     .....                    (no amulet)
Stlth  ++++......               (no ring)
                                (no ring)

@: lethally poisoned (0 -> -3), resistant, flying, very slightly contaminated,
invisible, very quick, not resistant to hostile enchantments, stealthy
A: unfitting armour, see invisible, herbivore 3, speed 3, slow metabolism 2
a: no special abilities


You were on level 2 of the Dungeon.
You were not hungry.

You visited 1 branch of the dungeon, and saw 2 of its levels.

You collected 80 gold pieces.

Inventory:

Hand Weapons
 a - a +2 dagger (weapon)
 b - a +0 blowgun
 m - a +1 dagger of draining
Missiles
 e - 8 poisoned needles (quivered)
 f - 7 curare-tipped needles
 n - 3 needles of frenzy
Armour
 c - a +0 robe (worn)
 d - a +0 cloak (worn)
Jewellery
 j - an uncursed ring of fire
Scrolls
 h - a scroll of identify
Comestibles
 g - 3 bread rations
 k - 4 fruits


   Skills:
 + Level 2.0 Fighting
 + Level 2.5 Short Blades
 + Level 2.3 Throwing
 + Level 2.3 Dodging
 + Level 6.4 Stealth


You had 2 spell levels left.
You didn't know any spells.

Dungeon Overview and Level Annotations

Branches:
Dungeon (2/15)

Altars:
Xom


Innate Abilities, Weirdness & Mutations

You are tiny and cannot use many weapons and most armour.
You have supernaturally acute eyesight.
You are a herbivore.
You cover ground extremely quickly.
You need consume almost no food.


Message History

You fly up into the air.
Drink which item? (? for menu, Esc to quit)
It was a potion of resistance.
You feel protected.
* * * LOW HITPOINT WARNING * * *
You feel sick.
Drink which item? (? for menu, Esc to quit)
It was a potion of invisibility.
You fade into invisibility!
You are very lightly contaminated with residual magic.
There is a lethal amount of poison in your body!
There is a lethal amount of poison in your body!
There is a lethal amount of poison in your body!
Read which item? (? for menu, Esc to quit)
As you read the scroll labeled NANARE WAIPLYICU, it crumbles to dust.
You feel strangely unstable.
It was a scroll of teleportation.
* * * LOW HITPOINT WARNING * * *
You feel sick.
Your surroundings suddenly seem different.
You die...

.####.####.####.####.####.#
..........................#
.##########################
.# #.# #...)...# #.#.# .#
#.# #.......# #.#.#
#######.# #.......# #.#.#
.....##.# ##.#.#### #.#.#
####.##.# #.#.##### #.#[#
####.##.## #.#..@..####.#.#
##
.........###.####.......#.#
..
..######............###.#.#
##.
..+J+..####...............#
##..
..###...#...........###.###
##...
..###...####.#####..###<#
#.... ..'.'._.##
#............# #...
..###...##
#######..###########..
..###...## #(....(.........


There were no monsters in sight!

Vanquished Creatures
  2 adders (D:2)
  2 giant cockroaches (D:2)
  2 goblins (D:2)
  3 hobgoblins
  A sheep (D:2)
  2 giant newts (D:1)
  2 jackals (D:1)
  3 kobolds
  4 rats
21 creatures vanquished.

Notes
Turn   | Place    | Note
--------------------------------------------------------------
     0 | D:1      | igor the Spriggan Assassin began the quest for the Orb.
     0 | D:1      | Reached XP level 1. HP: 10/10 MP: 2/2
   200 | D:1      | Reached skill level 6 in Stealth
   447 | D:1      | Reached XP level 2. HP: 10/15 MP: 3/3
   985 | D:2      | Found a shimmering altar of Xom.
  1613 | D:2      | Reached XP level 3. HP: 3/18 MP: 4/4
  1624 | D:2      | Succumbed to an adder's poison

Vault maps used:
D:1:      nicolae_arrival_memento_mori
D:2:      minmay_door_path, lemuel_round_altar, dk_xom_monty_hall

Action                   || total
-------------------------++-------
Melee: Dagger            ||    76
  Use: Scroll            ||     6
       Potion            ||     3
 Stab: Sleeping          ||     5
       Distracted        ||     1
